 Dungeon Crawl Stone Soup version 0.21-a0-538-gd16b88a (webtiles) character file.

5742 KeeTraxx the Martial Artist (level 10, -4/97 HPs)
             Began as an Octopode Transmuter on Dec 15, 2017.
             Was a Follower of Wu Jian.
             Engulfed by a steam dragon's steam (6 damage)
             ... on level 9 of the Dungeon.
             The game lasted 00:32:34 (11124 turns).

KeeTraxx the Martial Artist (Octopode Transmuter)  Turns: 11124, Time: 00:32:35

Health: -4/97      AC:  2    Str: 16    XL:     10   Next: 77%
Magic:  18/20      EV: 24    Int: 18    God:    Wu Jian [*.....]
Gold:   354        SH:  0    Dex: 20    Spells: 8/23 levels left

rFire    . . .     SeeInvis .     - Unarmed
rCold    . . .     Gourm    .   (shield currently unavailable)
rNeg     . . .     Faith    .   (helmet currently unavailable)
rPois    x         Spirit   .   (no amulet)
rElec    .         Reflect  .   q - +4 ring of evasion
rCorr    .         Harm     .   F - +3 ring of dexterity
MR       .....                  I - ring of loudness (curse)
Stlth    ..........             (no ring)
HPRegen  0.26/turn              (no ring)
MPRegen  0.17/turn              (no ring)
                                (no ring)
                                (no ring)

@: berserking, spider-form, very quick
A: tiny, almost no armour, stealthy swim, (amphibious), 8 rings, (constrict 8)
a: End Transformation, Renounce Religion


You were on level 9 of the Dungeon.
You worshipped Wu Jian.
Wu Jian was aware of your devotion.
You were not hungry.
You were a venomous arachnid creature.
You visited 2 branches of the dungeon, and saw 10 of its levels.

You collected 473 gold pieces.
You spent 119 gold pieces at shops.

Inventory:

Hand Weapons
 b - a +1 hunting sling (melded)
 D - a +2 dagger of draining
Missiles
 a - 194 arrows
 k - 273 stones (quivered)
 M - 2 throwing nets
Armour
 G - a +1 buckler
Jewellery
 p - an uncursed ring of ice {unknown}
 q - a +4 ring of evasion (left front leg)
 F - a +3 ring of dexterity (right front leg)
 I - a cursed ring of loudness (on tentacle)
Wands
 u - a wand of flame (26)
 y - a wand of paralysis (13)
 B - a wand of acid (6)
Scrolls
 e - 7 scrolls of teleportation
 n - 10 scrolls of fear
 s - 2 scrolls of blinking
 v - 3 scrolls of immolation
 w - a scroll of amnesia
 x - 5 scrolls of remove curse
 K - 2 scrolls of identify
 N - 2 scrolls of holy word {unknown}
Potions
 f - a potion of brilliance
 h - 5 potions of flight
 j - 3 potions of agility
 l - 4 potions of curing
 m - a potion of resistance
 o - 3 potions of haste
 r - 2 potions of magic
 t - a potion of might
 C - a potion of mutation
 E - 3 potions of cancellation
 L - a potion of invisibility {unknown}
Books
 g - a book of Misfortune

   Spells                             Type                      Level
   a - Confusing Touch                Hexes                        1
   b - Confuse                        Hexes                        3
   c - Gell's Gravitas                Translocation                3
   d - Petrify                        Transmutation/Earth          4
   e - Metabolic Englaciation         Hexes/Ice                    5
   f - Yara's Violent Unravelling     Hexes/Transmutation          5
 i - a book of Changes

   Spells                             Type                      Level
   a - Beastly Appendage              Transmutation                1
   b - Sticks to Snakes               Transmutation                2
   c - Spider Form                    Transmutation/Poison         3
   d - Ice Form                       Ice/Transmutation            4
   e - Blade Hands                    Transmutation                5
 A - a book of Minor Magic

   Spells                             Type                      Level
   a - Magic Dart                     Conjuration                  1
   b - Blink                          Translocation                2
   c - Call Imp                       Summoning                    2
   d - Slow                           Hexes                        2
   e - Conjure Flame                  Conjuration/Fire             3
   f - Mephitic Cloud                 Conjuration/Poison/Air       3
 P - a book of Callings

   Spells                             Type                      Level
   a - Summon Small Mammal            Summoning                    1
   b - Call Imp                       Summoning                    2
   c - Call Canine Familiar           Summoning                    3
   d - Summon Guardian Golem          Hexes/Summoning              3
   e - Summon Lightning Spire         Summoning/Air                4
   f - Summon Ice Beast               Ice/Summoning                4
Comestibles
 c - 8 bread rations
 d - 5 meat rations
 H - 2 fruits
 J - 3 royal jellies


   Skills:
 + Level 4.4 Fighting
 - Level 2.0 Dodging
 + Level 10.7 Unarmed Combat
 - Level 7.0 Spellcasting
 - Level 2.0 Hexes
 + Level 6.6 Transmutations
 - Level 4.0 Ice Magic
 * Level 0.1 Air Magic
 - Level 2.1 Poison Magic


You had 8 spell levels left.
You knew the following spells:

 Your Spells              Type           Power        Failure   Level  Hunger
a - Beastly Appendage     Tmut           ####..       4%          1    None
b - Sticks to Snakes      Tmut           ####....     5%          2    None
c - Spider Form           Tmut/Pois      ###.......   16%         3    ##.....
d - Ice Form              Ice/Tmut       ####....     28%         4    ####...
e - Confusing Touch       Hex            ##....       14%         1    None
f - Summon Lightning Spi  Summ/Air       #.......     87%         4    ####...


Dungeon Overview and Level Annotations

Branches:
Dungeon (9/15)             Temple (1/1) D:4
   Lair: D:8-11         Orc: D:9-12

Altars:
Ashenzari
Cheibriados
Dithmenos
Elyvilon
Fedhas
Hepliaklqana
Kikubaaqudgha
Makhleb
Nemelex Xobeh
Okawaru
Qazlal
Ru
Sif Muna
Trog
Uskayaw
Vehumet
Wu Jian
Xom
Yredelemnul
Zin
The Shining One

Shops:
D:4 ?


Innate Abilities, Weirdness & Mutations

You cannot wear most types of armour.
You are very stealthy in the water. (Stealth+)
((You are amphibious.))
You can wear up to eight rings at the same time.
((You can use your tentacles to constrict eight enemies at once.))
((Your skin changes colour to match your surroundings (Stealth+).))
((Your rubbery body absorbs attacks. (AC +1, EV +1)))


Message History

* * * LOW HITPOINT WARNING * * *
The steam dragon misses you. The steam dragon claws you.
* * * LOW HITPOINT WARNING * * *
You hit the steam dragon but do no damage.
The steam dragon is moderately wounded.
You are engulfed in a cloud of scalding steam.
* * * LOW HITPOINT WARNING * * *
The steam dragon completely misses you. The steam dragon claws you.
* * * LOW HITPOINT WARNING * * *
A red film seems to cover your vision as you go berserk!
You feel yourself moving faster!
You feel mighty!
You are engulfed in a cloud of scalding steam.
* * * LOW HITPOINT WARNING * * *
The steam dragon closely misses you. x2
Unknown command.
You hit the steam dragon but do no damage.
The steam dragon appears confused.
The steam dragon is heavily wounded.
You are engulfed in a cloud of scalding steam.
You die...

#.<..# #.###.#.##
#.#########..).###.#
#.# #.........#.##
#)# #.########..###
#.# #.########..).(
#)# #.##.....#..###
#.# ##.##.....#..#
#.####.......>))..#
#§§.sD...#.....#.##
######.###.....#.#
#§# ###†###.# #(#
#.# #.# #(# #.# #.#
#(# #.# #.#### #(#
#.# #....# #.# #.#
####.# ((. #.# #.#


You could see a steam dragon (confused).

Vanquished Creatures
  A two-headed ogre (D:9)
  Prince Ribbit (D:7)
  Sigmund (D:7)
  2 yaks
  A hungry ghost (D:9)
  The ghost of teukkam the Magician, an amateur GnWn (D:6)
  Edmund (D:7)
  A soldier ant (D:9)
  2 sky beasts (D:8)
  3 orc warriors
  A necrophage (D:7)
  6 centaurs
  4 ogres
  7 bullfrogs
  A water moccasin zombie (D:6)
  A scorpion (D:7)
  3 killer bees (D:7)
  9 wights
  A vampire bat (D:5)
  2 howler monkeys
  2 crimson imps
  A quasit (D:9)
  6 orc priests
  A centaur skeleton (D:5)
  4 hounds
  A bullfrog skeleton (D:2)
  12 orc wizards
  An iguana (D:5)
  Jessica (D:3)
  3 worker ants
  13 adders
  A shadow imp (D:5)
  An ooze (D:3)
  An adder skeleton (D:9)
  3 worms
  4 dart slugs
  3 fire bats (D:5)
  4 leopard geckos
  33 orcs
  2 spectral bats (D:5)
  A ball python (D:6)
  18 bats
  3 bat skeletons (D:5)
  A bat zombie (D:5)
  6 giant cockroaches
  4 goblins
  7 hobgoblins
  8 jackals
  9 kobolds
  4 quokkas
  A bat simulacrum (D:5)
  3 frilled lizards
  A jackal skeleton (D:4)
  2 leopard gecko zombies (D:5)
  9 rats
223 creatures vanquished.

Vanquished Creatures (collateral kills)
  The ghost of tidbits the Digger, a novice GnEE of Cheibriados (D:7)
  An ogre (D:4)
  A worker ant (D:5)
  An orc (D:7)
  A jackal (D:4)
5 creatures vanquished.

Grand Total: 228 creatures vanquished

Notes
Turn   | Place    | Note
-------+----------+-------------------------------------------
     0 | D:1      | KeeTraxx the Octopode Transmuter began the quest for the Orb.
     0 | D:1      | Reached XP level 1. HP: 13/13 MP: 3/3
   257 | D:1      | Reached XP level 2. HP: 18/18 MP: 5/5
   699 | D:1      | Reached XP level 3. HP: 23/23 MP: 6/6
   703 | D:1      | Learned a level 2 spell: Sticks to Snakes
   707 | D:1      | Learned a level 3 spell: Spider Form
  1281 | D:2      | Found a glowing golden altar of the Shining One.
  1407 | D:2      | Reached skill level 4 in Unarmed Combat
  1407 | D:2      | Reached XP level 4. HP: 22/28 MP: 5/8
  2021 | D:2      | Reached XP level 5. HP: 15/34 MP: 7/9
  2412 | D:3      | Found a sparkling altar of Nemelex Xobeh.
  2600 | D:3      | Learned a level 4 spell: Ice Form
  2693 | D:3      | Noticed Jessica
  2736 | D:3      | Killed Jessica
  3060 | D:3      | Found a snail-covered altar of Cheibriados.
  3122 | D:4      | Found a glowing silver altar of Zin.
  3153 | D:4      | Reached skill level 1 in Poison Magic
  3153 | D:4      | Reached XP level 6. HP: 33/41 MP: 8/10
  3213 | D:4      | Reached skill level 5 in Unarmed Combat
  3424 | D:4      | Found a blossoming altar of Fedhas.
  3484 | D:4      | Learned a level 1 spell: Confusing Touch
  3883 | D:4      | Reached XP level 7. HP: 32/46 MP: 8/12
  4139 | D:4      | Reached skill level 1 in Hexes
  4213 | D:4      | Found a staircase to the Ecumenical Temple.
  4305 | D:4      | Found Momidd's Magic Scroll Shop.
  4317 | D:4      | Bought a scroll of identify for 28 gold pieces
  4317 | D:4      | Bought a scroll of remove curse for 42 gold pieces
  4317 | D:4      | Bought a scroll of fear for 49 gold pieces
  4476 | D:5      | Entered Level 5 of the Dungeon
  4500 | Temple   | Entered the Ecumenical Temple
  5122 | D:5      | Reached skill level 6 in Unarmed Combat
  5136 | D:5      | Reached XP level 8. HP: 27/52 MP: 10/14
  5990 | D:5      | Reached skill level 1 in Ice Magic
  6171 | D:6      | Reached skill level 7 in Unarmed Combat
  6259 | D:6      | Found a basalt altar of Yredelemnul.
  6660 | D:6      | Reached skill level 5 in Spellcasting
  6673 | D:6      | Noticed teukkam's ghost (amateur GnWn)
  6689 | D:6      | Killed teukkam's ghost
  6689 | D:6      | Reached XP level 9. HP: 41/57 MP: 11/16
  7085 | D:7      | Noticed Prince Ribbit
  7115 | D:7      | Killed Prince Ribbit
  7122 | D:7      | Reached skill level 8 in Unarmed Combat
  7168 | D:7      | Reached skill level 5 in Transmutations
  7178 | D:7      | Found a basalt altar of Yredelemnul.
  7373 | D:7      | Noticed Edmund
  7412 | D:7      | Killed Edmund
  7443 | D:7      | Noticed Sigmund
  7471 | D:7      | Killed Sigmund
  7488 | D:7      | Found a stormy altar of Qazlal.
  7760 | D:7      | Noticed tidbits's ghost (novice GnEE)
  7776 | D:7      | Killed tidbits's ghost
  7776 | D:7      | Reached skill level 9 in Unarmed Combat
  7776 | D:7      | Reached XP level 10. HP: 62/63 MP: 15/19
  7933 | D:7      | Found an ornate altar of the Wu Jian Council.
  8120 | D:7      | Became a worshipper of the Wu Jian Council
  8330 | D:8      | Found a bloodstained altar of Trog.
 10501 | D:9      | Noticed a two-headed ogre
 10529 | D:9      | Killed a two-headed ogre
 10529 | D:9      | Reached skill level 10 in Unarmed Combat
 10724 | D:9      | Reached * piety under Wu Jian
 10982 | D:8      | Learned a level 4 spell: Summon Lightning Spire
 11123 | D:9      | HP: 2/97 [steam dragon] (8)]
 11124 | D:9      | Engulfed by a steam dragon's steam

Vault maps used:
D:1:      erik_arrival_cave_to_civilisation, solitary_fountain,
          minmay_tetromino_i2
D:2:      lemuel_coloured_pillars_altar, first_bread
D:3:      overflow_temple_1_default, nicolae_overflow_hidden_temple,
          uniq_jessica
D:4:      lemuel_doored_altar, fedhas_bush_and_centaur_altar,
          minmay_temple_entry_from_below_a, serial_shops, shop
D:5:      dk_noncrumbling_3, goddamned_bats
D:6:      glass_columns_a, grunt_ministairs_14, yredelemnul_altar_generic
D:7:      marbit_many_paths, nicolae_qazlal_style_of_elements,
          nicolae_overflow_crystal_walls, enter_bailey_8,
          sigmund_edmund_badplayer, uniq_prince_ribbit1
D:8:      old_standard_altar
D:9:      kennysheep_mini
Temple:   minmay_temple_bridge_abc

Skill      XL: |  1  2  3  4  5  6  7  8  9 10 |
---------------+-------------------------------+-----
Unarmed Combat | 4 5 6 7 9 10 | 10.7
Fighting       | 2 3 4 |  4.4
Spellcasting   | 3 4 5 6 7 |  7.0
Poison Magic   | 1 2 |  2.1
Transmutations | 3 4 5 6 |  6.6
Hexes          | 2 |  2.0
Ice Magic      | 2 4 |  4.0
Dodging        | |  2.0
Air Magic      | |  0.1

Action                   |  1- 3 |  4- 6 |  7- 9 | 10-12 || total
-------------------------+-------+-------+-------+-------++-------
Melee: Unarmed           |    47 |    85 |   342 |   142 ||   616
       Constrict         |    11 |    19 |    50 |     9 ||    89
       Kick              |     5 |    17 |    58 |     2 ||    82
       Punch             |     2 |     2 |    11 |     2 ||    17
       Tentacles         |     1 |    10 |    38 |     8 ||    57
 Fire: Hunting sling     |    50 |    80 |       |    10 ||   140
Throw: Stone             |       |     1 |     6 |       ||     7
 Cast: Beastly Appendage |     7 |    15 |    30 |     3 ||    55
       Spider Form       |       |     3 |    12 |    10 ||    25
       Sticks to Snakes  |       |     2 |     6 |     4 ||    12
       Confusing Touch   |       |       |    17 |    10 ||    27
       Ice Form          |       |       |     3 |     3 ||     6
Invok: Lunge             |       |       |       |    18 ||    18
  Use: Scroll            |       |     2 |     8 |    11 ||    21
       Potion            |       |       |       |     1 ||     1
 Stab: Sleeping          |     5 |       |       |       ||     5
       Confused          |       |       |     7 |     7 ||    14
       Distracted        |       |       |       |     1 ||     1
  Eat: Chunk             |     2 |     8 |    14 |    12 ||    36
       Fruit             |       |       |       |     1 ||     1
Armor: Skin              |     7 |     2 |    27 |    10 ||    46
Dodge: Dodged            |    37 |    77 |   262 |   114 ||   490

Table legend:
 A = Spawn XP
 B = Non-spawn XP
 C = Spawn XP percentage of total XP
 D = Spawn monster count
 E = Non-spawn monster count
 F = Spawn count percentage of total count
 G = Total turns spent on level
                    A         B        C        D         E        F      G
               +---------+---------+-------+---------+---------+-------+---------
         Total |       0 |    8203 |   0.0 |       0 |     228 |   0.0 | 11124
               +---------+---------+-------+---------+---------+-------+---------
           D:1 |       0 |      36 |   0.0 |       0 |      21 |   0.0 |   924
           D:2 |       0 |     152 |   0.0 |       0 |      23 |   0.0 |  1235
           D:3 |       0 |     123 |   0.0 |       0 |      24 |   0.0 |   975
           D:4 |       0 |     533 |   0.0 |       0 |      20 |   0.0 |  1574
           D:5 |       0 |     801 |   0.0 |       0 |      46 |   0.0 |  1404
           D:6 |       0 |     856 |   0.0 |       0 |      18 |   0.0 |   799
           D:7 |       0 |    2325 |   0.0 |       0 |      33 |   0.0 |  1620
           D:8 |       0 |    1631 |   0.0 |       0 |      27 |   0.0 |  1836
           D:9 |       0 |    1746 |   0.0 |       0 |      16 |   0.0 |   625
               +---------+---------+-------+---------+---------+-------+---------
